 Dungeon Crawl Stone Soup version 0.18-a0-1788-g92de1ac (webtiles) character file.

172 MTVSty1e the Skirmisher (level 5, -1/47 HPs)
             Began as a Hill Orc Fighter on Apr 20, 2016.
             Slain by a worker ant (2 damage)
             ... on level 4 of the Dungeon.
             The game lasted 00:11:45 (2324 turns).

MTVSty1e the Skirmisher (Hill Orc Fighter)          Turns: 2324, Time: 00:11:46

Health: -1/47      AC:  8    Str: 24    XL:     5   Next: 53%
Magic:  5/5        EV:  8    Int:  8    God:
Gold:   97         SH: 10    Dex: 10    Spells: 0 memorised, 4 levels left

rFire  . . .     SeeInvis .     a - +0 long sword
rCold  . . .     Gourm    .     b - +1 scale mail
rNeg   . . .     Faith    .     c - +0 shield
rPois  .         Spirit   .     (no helmet)
rElec  .         Dismiss  .     (no cloak)
rCorr  .         Reflect  .     (no gloves)
SustAt .         Harm     .     (no boots)
MR     .....                    (no amulet)
Stlth  ..........               (no ring)
                                j - +4 ring of strength

@: lethally poisoned (-1 -> -5), not resistant to hostile enchantments,
extremely unstealthy
A: no striking features
a: no special abilities


You were on level 4 of the Dungeon.
You were not hungry.

You visited 1 branch of the dungeon, and saw 4 of its levels.

You collected 97 gold pieces.

Inventory:

Hand Weapons
 a - a +0 long sword (weapon)
Armour
 b - a +1 scale mail (worn)
 c - a +0 shield (worn)
Jewellery
 j - a +4 ring of strength (left hand)
Scrolls
 e - 2 scrolls of enchant armour
Potions
 d - a potion of might
 k - a potion of curing {unknown}
Comestibles
 f - 2 bread rations
 g - 2 beef jerkies


   Skills:
 + Level 4.5 Fighting
 + Level 3.1 Long Blades
 + Level 4.1 Armour
 + Level 1.7 Dodging
 + Level 0.1 Stealth
 + Level 4.1 Shields


You had 4 spell levels left.
You didn't know any spells.

Dungeon Overview and Level Annotations

Branches:
Dungeon (3/15)

Altars:
Cheibriados
Dithmenos
Gozag
Zin

Shops:
D:2 *


Message History

You are more poisoned.
The worker ant poisons you!
You feel sick. The worker ant bites you.
* * * LOW HITPOINT WARNING * * *
You feel sick.
You closely miss the worker ant.
The worker ant is heavily wounded.
You feel sick. The worker ant bites you.
* * * LOW HITPOINT WARNING * * *
You closely miss the worker ant.
The worker ant is heavily wounded.
* * * LOW HITPOINT WARNING * * *
You feel sick.
The worker ant bites you but does no damage.
The worker ant bites you.
* * * LOW HITPOINT WARNING * * *
It was a potion of magic.
Magic courses through your body.
* * * LOW HITPOINT WARNING * * *
You feel sick. The worker ant bites you.
You die...

.....# # ...... ##
.......## ##. ........##
##.. .........## #...
..........## #...
...........## #...
........@...# ##..
........a...## ##.
)............## ##
..............## #
............##.##
..$.........##..##
............#....### ##
##..................####.
##########......##......


You could see a worker ant.

Vanquished Creatures
  A giant frog (D:4)
  A worker ant (D:4)
  4 adders
  An adder skeleton (D:3)
  A worm (D:2)
  2 dart slugs
  A giant cockroach (D:1)
  6 goblins
  4 hobgoblins
  6 jackals (D:1)
  5 bats (D:1)
  A giant newt (D:1)
  6 kobolds
  5 rats
44 creatures vanquished.

Vanquished Creatures (others)
  An ogre (D:4)
  A worker ant (D:4)
  2 giant cockroaches
  A jackal (D:4)
  A quokka (D:2)
  2 giant newts (D:4)
8 creatures vanquished.

Grand Total: 52 creatures vanquished

Notes
Turn   | Place    | Note
--------------------------------------------------------------
     0 | D:1      | MTVSty1e the Hill Orc Fighter began the quest for the Orb.
     0 | D:1      | Reached XP level 1. HP: 19/19 MP: 1/1
   174 | D:1      | Reached XP level 2. HP: 27/27 MP: 2/2
   504 | D:1      | Reached XP level 3. HP: 27/33 MP: 3/3
  1055 | D:2      | Found a shadowy altar of Dithmenos.
  1118 | D:2      | Found a faded altar to an unknown god.
  1259 | D:2      | Found Zin's Purification Station.
  1266 | D:2      | Found a glowing silver altar of Zin.
  1326 | D:2      | Found a snail-covered altar of Cheibriados.
  1398 | D:2      | Reached XP level 4. HP: 36/40 MP: 4/4
  1661 | D:2      | Paralysed by fainting for 7 turns
  1758 | D:2      | Reached skill level 1 in Dodging
  2012 | D:3      | Found an opulent altar of Gozag.
  2116 | D:3      | You fall through a shaft!
  2151 | D:4      | Killed an ogre
  2299 | D:4      | Noticed a giant frog
  2313 | D:4      | Killed a giant frog
  2313 | D:4      | Reached XP level 5. HP: 25/47 MP: 5/5
  2323 | D:4      | HP: 2/47 [worker ant (4)]
  2324 | D:4      | Slain by a worker ant

Vault maps used:
D:1:      dpeg_arrival_round_b, minmay_door_square
D:2:      grunt_dithmenos_smoke, zin_purify, lemuel_doored_altar,
          ecumenical_altar_2, lemuel_flame_loot_1
D:3:      wad_pebble_path, vehumet_crystals, grunt_gozag_breadcrumbs,
          nicolae_ru_awakened_eye
D:4:      xom_confusion_cloud, minivault_19

Skill      XL: |  1  2  3  4 |
---------------+-------------+-----
Fighting       | 4 |  4.5
Shields        | 4 |  4.1
Dodging        | 1 |  1.7
Armour         | 4 |  4.1
Long Blades    | 3 |  3.1
Stealth        | |  0.1

Action                   |  1- 3 |  4- 6 || total
-------------------------+-------+-------++-------
Melee: Long sword        |   123 |    63 ||   186
  Use: Scroll            |       |     6 ||     6
       Potion            |       |     1 ||     1
  Eat: Bread ration      |       |     1 ||     1
Armor: Scale mail        |    71 |    35 ||   106
Dodge: Dodged            |    46 |    30 ||    76
Block: Shield            |    88 |    37 ||   125
